 Dungeon Crawl Stone Soup version 0.27-a0-668-gb5737ff2c0 (webtiles) character file.

Game seed: 12556937093113284005

555 sanka the Changer (level 7, 0/48 HPs)
             Began as a Vampire Transmuter on Mar 17, 2021.
             Was an Initiate of Okawaru.
             Succumbed to a gnoll's poison
             ... on level 5 of the Dungeon.
             The game lasted 00:11:50 (5901 turns).

sanka the Changer (Vampire Transmuter)              Turns: 5901, Time: 00:11:50

Health: 0/48       AC:  6    Str:  9    XL:     7   Next: 8%
Magic:  8/10       EV: 12    Int: 15    God:    Okawaru [......]
Gold:   224        SH:  0    Dex: 17    Spells: 4/10 levels left

rFire    . . .     SeeInvis +     - Unarmed
rCold    . . .     Faith    .   (no shield)
rNeg     . . .     Spirit   .   a - +0 robe
rPois    .         Reflect  .   (no helmet)
rElec    .         Harm     .   A - scarf {repulsion}
rCorr    .         Rampage  .   k - +2 pair of gloves
Will     .....                  m - +0 pair of boots
Stlth    ++........             (no amulet)
HPRegen  0.36/turn              (no ring)
MPRegen  0.12/turn              (no ring)

@: lethally poisoned (0 -> -20), regenerating quickly, repel missiles
A: alive, fangs 3, see invisible, unbreathing 1, vampiric 2
a: Exsanguinate, Renounce Religion


You were on level 5 of the Dungeon.
You worshipped Okawaru.
Okawaru was noncommittal.
You visited 1 branch of the dungeon, and saw 6 of its levels.
You also visited: Sewer.

You collected 224 gold pieces.


Innate Abilities, Weirdness & Mutations

Your natural rate of healing is unusually fast.
You have razor-sharp teeth.
You have supernaturally acute eyesight. (SInv)
You can survive without breathing.
You are afflicted with vampirism and can become a bat while bloodless.


   Skills:
 - Level 1.0 Fighting
 - Level 2.1 Dodging
 - Level 4.0 Unarmed Combat
 - Level 2.0 Spellcasting
 + Level 6.4 Transmutations
 - Level 4.0 Poison Magic


You had 4 spell levels left.
You knew the following spells:

 Your Spells              Type           Power      Damage    Failure   Level
x - Beastly Appendage     Tmut           40%        N/A       1%          1
y - Wereblood             Tmut           20%        N/A       2%          2
z - Spider Form           Tmut/Pois      8%         N/A       8%          3

Your spell library contained the following spells:

 Spells                   Type           Power      Damage    Failure   Level
 Ice Form                 Ice/Tmut       11%        N/A       52%         4
 Blade Hands              Tmut           10%        N/A       41%         5

Inventory:

Missiles
 r - a throwing net {=f}
Armour
 a - a +0 robe (worn)
 k - a +2 pair of gloves (worn)
 m - a +0 pair of boots (worn)
 p - a +0 troll leather armour {Purgy}
 q - a +0 buckler
 A - a scarf of repulsion (worn)
Wands
 b - a wand of polymorph (6)
 B - a wand of paralysis (7)
Scrolls
 d - a scroll of enchant armour
 e - 2 scrolls of silence {!r}
 f - a scroll of enchant weapon {unknown}
 i - a scroll of immolation {!r}
 n - a scroll of blinking
 s - a scroll of torment {unknown}
 t - 2 scrolls of identify {@r1}
 v - a scroll of teleportation {unknown}
 y - a scroll of fear {unknown}
Potions
 c - a potion of brilliance {unknown}
 g - 5 potions of curing {@q1}
 h - a potion of invisibility {unknown}
 j - a potion of lignification {unknown}
 l - 3 potions of attraction {unknown}
 o - 3 potions of flight {unknown}
 u - a potion of might {unknown}
 w - a potion of cancellation {unknown}
 x - 2 potions of magic {unknown}
 z - a potion of resistance {unknown}
 C - a potion of berserk rage {unknown}
 D - a potion of mutation {unknown}

Dungeon Overview and Level Annotations

Branches:
Dungeon (6/15)             Temple (0/1) D:4           Sewer (visited)

Altars:
Ashenzari
Elyvilon
Hepliaklqana
Okawaru
Vehumet
Xom
Zin

Shops:
D:2

[
.▒....▒.........)........▒▒▒▒
.▒..(...▒................▒▒.▒
▒........▒▒...▒..........▒.▒▒
▒▒......▒▒▒...▒▒............▒
▒▒▒.....▒
▒..▒▒▒▒..▒▒..▒▒▒..▒▒
..<▒....▒ ▒▒.▒ ▒▒.▒▒▒..▒
▒▒..▒▒ ▒..▒▒...▒▒ ▒.▒ ▒..▒
▒.▒▒ ▒▒▒.▒
▒▒.▒▒▒▒..▒▒▒.▒▒▒.▒▒▒▒.▒ ▒▒▒
▒.▒▒ ▒▒..▒.....V▒▒▒..▒ ▒..▒
▒▒...▒▒▒▒..▒▒..▒ ▒▒▒▒ ▒▒.▒▒
▒▒.▒▒..▒ ▒.▒▒ ▒.▒▒ ▒▒▒....▒▒
▒..▒ ▒▒..▒▒▒......▒▒▒▒▒
▒▒.▒▒▒▒.......▒▒▒▒.....▒
▒..▒▒..▒▒▒..▒▒ ▒..▒▒▒▒
▒▒▒▒..▒..▒▒ ▒▒.▒▒ ▒.▒▒
▒▒.......▒▒ ▒..▒ ▒▒.▒▒


There were no monsters in sight!


Message History

The gnoll barely misses you.
The gnoll hits you from afar with a +2 spear of venom!
* * * LOW HITPOINT WARNING * * *
You are lethally poisoned!
You climb upwards.
* * * LOW HITPOINT WARNING * * *
You feel very sick.
There is a stone staircase leading down here.
Unknown command.
Okay, then.
Use which ability? (? or * to list)
Your transformation has ended.
You are surrounded by a repulsion field.
* * * LOW HITPOINT WARNING * * *
You feel very sick.
Unknown command.
Unknown command.
Use which ability? (? or * to list) Keep bloodletting?
* * * LOW HITPOINT WARNING * * *
You feel very sick.
* * * LOW HITPOINT WARNING * * *
You feel very sick.
* * * LOW HITPOINT WARNING * * *
You feel very sick.
* * * LOW HITPOINT WARNING * * *
You feel sick.
* * * LOW HITPOINT WARNING * * *
You feel very sick.
You die...

Action                   |  1- 3 |  4- 6 |  7- 9 || total
-------------------------+-------+-------+-------++-------
Melee: Unarmed           |   129 |   145 |     6 ||   280
       Kick              |    12 |    16 |       ||    28
       Bite              |    11 |     6 |       ||    17
       Headbutt          |     5 |     5 |       ||    10
       Punch             |     1 |     3 |       ||     4
 Cast: Beastly Appendage |    30 |    15 |       ||    45
       Spider Form       |     1 |    13 |     2 ||    16
 Abil: End Transformatio |       |       |     1 ||     1
       Exsanguinate      |       |       |     1 ||     1
  Use: Scroll            |     3 |     3 |       ||     6
 Stab: Sleeping          |     1 |     2 |       ||     3
Armor: Robe              |    22 |    17 |       ||    39
       Skin              |     4 |     5 |       ||     9
Dodge: Dodged            |    80 |    80 |     4 ||   164

Levels and vault maps discovered:
D:1:      sevenhm_arrival_forest_fort_small_4, layout_basic
D:2:      layout_loops_ring, serial_shops, shop
D:3:      layout_rooms, nicolae_elyvilon_temple_path,
          nicolae_hepliaklqana_hippocampus, xom_redecorated,
          fiery_altar_vehumet, serial_co_window_serial, co_window_paths_a,
          co_window_paths_a, co_window_paths_a, co_window_paths_a,
          co_window_corner_a, co_window_corner_b, co_window_broadway_c,
          co_window_corner_ca, co_window_paths_c, glass_columns_a,
          glass_columns_a, glass_columns_b, glass_columns_a, glass_columns_c,
          cheibrodos_sewer_entry_bend, uniq_purgy, uniq_terence
D:4:      layout_loops_ring, lemuel_coloured_pillars_altar, zin_statuary,
          minmay_temple_entry_nine_rooms, okawaru_gym_becter
D:5:      layout_layer_cave
D:6:      layout_basic, gammafunk_temple_overflow_forgotten, lemuel_angel_altar

Notes
Turn   | Place    | Note
-------+----------+-------------------------------------------
     0 | D:1      | sanka the Vampire Transmuter began the quest for the Orb.
     0 | D:1      | Reached XP level 1. HP: 14/14 MP: 3/3
    21 | D:1      | Reached skill level 1 in Fighting
   734 | D:1      | Reached XP level 2. HP: 21/21 MP: 3/5
   745 | D:1      | Learned a level 2 spell: Wereblood
   832 | D:2      | Reached skill level 4 in Unarmed Combat
   864 | D:2      | Found Dynoick's Armour Shop.
  1301 | D:2      | Reached skill level 3 in Transmutations
  1500 | D:2      | Gained mutation: You are afflicted with vampirism and can
                  | become a bat while bloodless. [Vampire growth]
  1500 | D:2      | Reached XP level 3. HP: 19/26 MP: 4/6
  1583 | D:3      | Found a shimmering altar of Xom.
  1584 | D:3      | Found a shimmering altar of Xom.
  1584 | D:3      | Found a shimmering altar of Xom.
  1587 | D:3      | Found a shimmering altar of Xom.
  1606 | D:3      | Noticed Terence
  1625 | D:2      | Learned a level 3 spell: Spider Form
  1714 | D:3      | Found a glowing drain.
  1751 | Sewer    | Entered a sewer
  1754 | Sewer    | Noticed a water moccasin
  1992 | D:3      | Killed Terence
  1993 | D:3      | Reached skill level 1 in Poison Magic
  1993 | D:3      | Reached XP level 4. HP: 25/32 MP: 4/7
  2176 | D:3      | Reached skill level 4 in Transmutations
  2541 | D:3      | Found a radiant altar of Vehumet.
  2915 | D:3      | Reached skill level 2 in Poison Magic
  3029 | D:3      | Found a hazy altar of Hepliaklqana.
  3142 | D:3      | Noticed Purgy
  3156 | D:3      | Killed Purgy
  3157 | D:3      | Reached skill level 5 in Transmutations
  3157 | D:3      | Reached XP level 5. HP: 30/37 MP: 5/8
  3324 | D:4      | Reached skill level 3 in Poison Magic
  3379 | D:4      | Reached XP level 6. HP: 36/43 MP: 6/9
  3686 | D:4      | Found an iron altar of Okawaru.
  3696 | D:4      | Became a worshipper of Warmaster Okawaru
  3756 | D:4      | Found a staircase to the Ecumenical Temple.
  3846 | D:4      | Found a broken altar of Ashenzari.
  4253 | D:5      | Entered Level 5 of the Dungeon
  5125 | D:5      | Reached skill level 6 in Transmutations
  5125 | D:5      | Reached skill level 4 in Poison Magic
  5125 | D:5      | Reached XP level 7. HP: 37/48 MP: 7/10
  5772 | D:5      | Identified the +10 war axe "Gaggidacel" {holy, +Rage rElec}
  5899 | D:5      | HP: 4/48 [poisoned by a gnoll]
  5901 | D:5      | Succumbed to a gnoll's poison

Vanquished Creatures
  Purgy (D:3)
  An ogre (D:5)
  2 scorpions
  2 orc wizards (D:4)
  Terence (D:3)
  An iguana (D:5)
  A worker ant (D:5)
  3 gnolls (D:4)
  6 adders
  An ooze (D:3)
  3 worms
  2 dart slugs
  2 leopard geckos
  4 orcs
  A giant cockroach (D:2)
  6 goblins
  5 hobgoblins
  2 jackals (D:3)
  10 kobolds
  A quokka (D:4)
  A ball python (D:2)
  6 bats
  4 frilled lizards
  9 rats
75 creatures vanquished.

Vanquished Creatures (others)
  2 jackals (D:3)
  A kobold (D:3)
3 creatures vanquished.

Grand Total: 78 creatures vanquished
